 Dungeon Crawl Stone Soup version 0.27.1-35-g4d5d836560 (webtiles) character file.

Game seed: 10182460810861567692

456 Delamore the Cutter (level 7, -3/45 HPs)
             Began as an Octopode Brigand on May 1, 2022.
             Slain by Edmund (11 damage)
             ... on level 4 of the Dungeon.
             The game lasted 00:04:27 (4823 turns).

Delamore the Cutter (Octopode Brigand)              Turns: 4823, Time: 00:04:28

Health: -3/45      AC:  1    Str: 11    XL:     7   Next: 6%
Magic:  7/7        EV: 12    Int: 13    God:
Gold:   160        SH:  0    Dex: 15    Spells: 6/6 levels left

rFire    . . .     SeeInvis .   p - +1 dagger (venom)
rCold    . . .     Faith    .   (no shield)
rNeg     . . .     Spirit   .   (helmet restricted)
rPois    .         Reflect  .   (no amulet)
rElec    .         Harm     .   (no ring)
rCorr    .         Rampage  .   (no ring)
Will     .....                  (no ring)
Stlth    ++++......             (no ring)
HPRegen  0.15/turn              (no ring)
MPRegen  0.10/turn              (no ring)
                                (no ring)
                                (no ring)

@: no status effects
A: almost no armour, amphibious, 8 rings, camouflage 1, gelatinous body 1,
(nimble swimmer 1), tentacles
a: no special abilities


You were on level 4 of the Dungeon.
You visited 1 branch of the dungeon, and saw 4 of its levels.

You collected 160 gold pieces.

Inventory:

Hand Weapons
 a - a +2 dagger
 n - a +0 rapier
 p - a +1 dagger of venom (weapon)
 x - a +1 dagger of protection
Missiles
 c - 7 poisoned darts (quivered)
Jewellery
 e - a ring of ice
Wands
 b - a wand of flame (16)
 o - a wand of polymorph (5)
Scrolls
 d - a scroll of amnesia
 h - 2 scrolls of teleportation
 i - a scroll of enchant weapon
 k - a scroll of fear
 l - a scroll of fog {unknown}
 m - a scroll of vulnerability {unknown}
 q - a scroll of blinking {unknown}
 u - a scroll of torment {unknown}
Potions
 g - 2 potions of haste {unknown}
 j - 2 potions of heal wounds {unknown}
 r - a potion of ambrosia {unknown}
 s - a potion of attraction {unknown}
 t - a potion of mutation {unknown}
 w - a potion of berserk rage {unknown}


   Skills:
 - Level 2.0 Fighting
 * Level 6.2 Short Blades
 - Level 4.0 Throwing
 - Level 1.0 Dodging
 - Level 5.7 Stealth


You had 6 spell levels left.
You didn't know any spells.
Your spell library contained the following spells:

 Spells                   Type           Power      Damage    Failure   Level
 Summon Lightning Spire   Summ/Air       0%         N/A       97%         4
 Storm Form               Tmut/Air       0%         N/A       100%        7
 Maxwell's Capacitive Co  Air            0%         ∞         100%        8


Dungeon Overview and Level Annotations

Branches:
Dungeon (4/15)
 Temple: D:4-7

Altars:
The Shining One

Shops:
D:2 [

Annotations:
D:4 Edmund


Innate Abilities, Weirdness & Mutations

You cannot wear most types of armour.
You are amphibious.
You can wear up to eight rings at the same time.
Your skin changes colour to match your surroundings (Stealth+).
Your rubbery body absorbs attacks. (AC +1, EV +1)
((You are camouflaged near water. (Stealth+)))
You have tentacles for arms and can constrict up to eight enemies at once.


Message History

You constrict Edmund. You hit Edmund.
Edmund looks as sick as possible!
Edmund is moderately wounded.
You constrict Edmund.
Edmund hits you with a +3 dire flail of protection!
You hit Edmund.
Edmund looks as sick as possible!
Edmund is moderately wounded.
You constrict Edmund.
Edmund zaps a wand.
The puff of flame hits you!
* * * LOW HITPOINT WARNING * * *
The now-empty wand crumbles to dust.
It was a potion of curing.
You feel better.
You constrict Edmund. Edmund barely misses you.
You feel better.
You constrict Edmund.
Edmund hits you with a +3 dire flail of protection.
You hit Edmund but do no damage.
Edmund looks as sick as possible!
You squeeze Edmund, but do no damage.
Edmund is heavily wounded.
You constrict Edmund. You hit Edmund but do no damage.
Edmund looks as sick as possible!
You squeeze Edmund, but do no damage.
Edmund is severely wounded.
You constrict Edmund.
Edmund hits you with a +3 dire flail of protection.
* * * LOW HITPOINT WARNING * * *
You hit Edmund but do no damage.
Edmund looks as sick as possible!
Edmund is severely wounded.
You constrict Edmund, but do no damage.
Edmund hits you with a +3 dire flail of protection.
* * * LOW HITPOINT WARNING * * *
You hit Edmund but do no damage.
Edmund looks as sick as possible!
Edmund is severely wounded.
You constrict Edmund. You hit Edmund.
Edmund looks as sick as possible!
Edmund is almost dead.
You constrict Edmund. Edmund barely misses you.
You hit Edmund but do no damage. You squeeze Edmund, but do no damage.
Edmund is almost dead.
You constrict Edmund.
Edmund hits you with a +3 dire flail of protection!
You die...

.##. ..#.
.....#####
#.#..#...##
.>.......<#
#.......@.#
####....@.#
#.#...########.
..
##......@.(.>
## ############


You could see Edmund (extremely poisoned).

Vanquished Creatures
  A lemure (D:3)
  A water moccasin zombie (D:3)
  Crazy Yiuf (D:3)
  A jelly (D:3)
  A centaur skeleton (D:4)
  Jessica (D:3)
  Natasha (thrice) (D:3)
  2 hound skeletons (D:3)
  Robin (D:3)
  2 adders (D:3)
  An adder zombie (D:3)
  An adder skeleton (D:3)
  10 endoplasms
  3 giant cockroaches
  12 goblins
  7 hobgoblins
  2 jackals (D:3)
  4 quokkas
  8 ball pythons
  A ball python skeleton (D:3)
  6 bats
  3 frilled lizards
  A giant cockroach zombie (D:3)
  5 kobolds
  5 rats
83 creatures vanquished.

Vanquished Creatures (others)
  3 withered plants (D:3)
3 creatures vanquished.

Grand Total: 86 creatures vanquished

Notes
Turn   | Place    | Note
-------+----------+-------------------------------------------
     0 | D:1      | Delamore the Octopode Brigand began the quest for the Orb.
     0 | D:1      | Reached XP level 1. HP: 14/14 MP: 1/1
   143 | D:1      | Reached XP level 2. HP: 13/19 MP: 2/2
   301 | D:1      | Found a faded altar of an unknown god.
   757 | D:1      | Reached skill level 3 in Short Blades
   767 | D:1      | Reached XP level 3. HP: 24/24 MP: 3/3
  1386 | D:2      | Found Hitigytt's Armour Shoppe.
  2094 | D:3      | Found a glowing golden altar of the Shining One.
  2128 | D:3      | Noticed Jessica
  2134 | D:3      | Killed Jessica
  2135 | D:3      | Reached XP level 4. HP: 24/29 MP: 4/4
  2282 | D:3      | Noticed Grinder
  2290 | D:3      | Noticed Grinder
  2290 | D:3      | Grinder changed into Grinder the lemure
  2296 | D:3      | Killed Grinder the lemure
  2297 | D:3      | Reached skill level 4 in Short Blades
  2297 | D:3      | Reached XP level 5. HP: 5/34 MP: 5/5
  2628 | D:3      | Reached skill level 5 in Short Blades
  2634 | D:3      | Reached XP level 6. HP: 9/39 MP: 6/6
  3265 | D:3      | Noticed Natasha
  3268 | D:3      | Killed Natasha
  3306 | D:3      | Noticed Robin
  3612 | D:3      | Noticed Natasha
  3623 | D:3      | Killed Natasha
  3627 | D:3      | Noticed Natasha
  3874 | D:3      | Killed Natasha
  3988 | D:3      | Killed Robin
  4530 | D:3      | Found a runed translucent door.
  4531 | D:3      | Noticed Crazy Yiuf
  4538 | D:3      | Killed Crazy Yiuf
  4539 | D:3      | Reached skill level 6 in Short Blades
  4607 | D:4      | Reached XP level 7. HP: 33/45 MP: 7/7
  4650 | D:4      | Noticed Edmund
  4823 | D:4      | Slain by Edmund

Illustrated notes

Levels and vault maps discovered:
D:1:      dpeg_arrival_court, layout_loops_ring,
          chequers_ecumenical_altar_simple_redux, lemuel_old_faithful
D:2:      layout_loops_cross, serial_shops, nicolae_shop_statue_plus
D:3:      layout_loops_ring, tso_metal_star, serial_undead, serial_undead_c,
          serial_undead_e, serial_undead_e, serial_undead_c, serial_undead_f,
          serial_undead_c, minmay_pentangle, uniq_robin, uniq_jessica,
          uniq_grinder, uniq_crazy_yiuf_cottage, uniq_natasha
D:4:      layout_loops_cross, portal_sewer_entry_a, st_stairs_5, uniq_edmund

Skill      XL: |  1  2  3  4  5  6 |
---------------+-------------------+-----
Short Blades   | 3 4 5 6 |  6.2
Throwing       | 3 4 |  4.0
Fighting       | |  2.0
Dodging        | |  1.0
Stealth        | |  5.7

Action                   |  1- 3 |  4- 6 |  7- 9 || total
-------------------------+-------+-------+-------++-------
Melee: Dagger            |    71 |    87 |    14 ||   172
       Constrict         |    15 |    18 |     1 ||    34
       Tentacles         |     8 |    15 |     8 ||    31
Throw: Dart              |     1 |    14 |     2 ||    17
Evoke: Wand              |       |     1 |       ||     1
  Use: Scroll            |     3 |     1 |       ||     4
       Potion            |       |       |     2 ||     2
 Stab: Sleeping          |    23 |    11 |       ||    34
Armor: Skin              |     8 |     5 |       ||    13
Dodge: Dodged            |    34 |    51 |     5 ||    90
